 Dungeon Crawl Stone Soup version 0.19-a0-49-gb8736b8 (webtiles) character file.

42 M4edhros the Grave Robber (level 3, 0/21 HPs)
             Began as an Octopode Necromancer on May 6, 2016.
             Was an Initiate of Cheibriados.
             Slain by a worker ant (5 damage)
             ... on level 5 of the Dungeon.
             The game lasted 00:03:36 (530 turns).

M4edhros the Grave Robber (Octopode Necromancer)     Turns: 530, Time: 00:03:37

Health: 0/21       AC:  1    Str:  8    XL:     3   Next: 54%
Magic:  2/6        EV: 12    Int: 18    God:    Cheibriados [......]
Gold:   68         SH:  0    Dex: 14    Spells: 3 memorised, 1 level left

rFire  . . .     SeeInvis .       - Unarmed
rCold  . . .     Gourm    .     (no shield)
rNeg   . . .     Faith    .     (helmet restricted)
rPois  .         Spirit   .     (no amulet)
rElec  .         Dismiss  .     (no ring)
rCorr  .         Reflect  .     (no ring)
SustAt .         Harm     .     (no ring)
MR     .....                    (no ring)
Stlth  +++.......               (no ring)
                                (no ring)
                                (no ring)
                                (no ring)

@: lethally poisoned (0 -> 0), regenerating (expiring), very slow, not resistant
to hostile enchantments, fairly stealthy
A: almost no armour, amphibious, 8 rings, constrict 8, camouflage 1, gelatinous
body 1
a: Bend Time, Renounce Religion


You were on level 5 of the Dungeon.
You worshipped Cheibriados.
Cheibriados was noncommittal.
You were not hungry.

You visited 1 branch of the dungeon, and saw 5 of its levels.

You collected 68 gold pieces.

Inventory:

Books
 a - a book of Necromancy

   Spells                             Type                      Level
   a - Pain                           Necromancy                   1
   b - Animate Skeleton               Necromancy                   1
   c - Vampiric Draining              Necromancy                   3
   d - Regeneration                   Charms/Necromancy            3
   e - Animate Dead                   Necromancy                   4
   f - Control Undead                 Necromancy                   4
Comestibles
 b - 2 bread rations
 c - a chunk of flesh
 d - a beef jerky


   Skills:
 - Level 2.0 Dodging
 - Level 2.6 Stealth
 + Level 3.0 Unarmed Combat
 - Level 2.0 Spellcasting
 - Level 4.0 Necromancy


You had one spell level left.
You knew the following spells:

 Your Spells              Type           Power        Failure   Level  Hunger
a - Pain                  Necr           ###.         3%          1    #......
b - Animate Skeleton      Necr           N/A          3%          1    #......
r - Regeneration          Chrm/Necr      #.........   24%         3    ###....


Dungeon Overview and Level Annotations

Branches:
Dungeon (5/15)             Temple (0/1) D:4

Altars:
Cheibriados
Nemelex Xobeh

Annotations:
D:3 Terence


Innate Abilities, Weirdness & Mutations

You cannot wear most types of armour.
You are amphibious.
You can wear up to eight rings at the same time.
You can use your tentacles to constrict eight enemies at once.
Your skin changes colour to match your surroundings (Stealth).
Your rubbery body absorbs attacks (AC +1).


Message History

Enter note: dead.
You tentacle-slap the worker ant. Your grab misses the worker ant.
The worker ant is heavily wounded.
You feel sick. The worker ant closely misses you.
You tentacle-slap the worker ant but do no damage.
You grab the worker ant.
The worker ant is heavily wounded.
You constrict the worker ant, but do no damage.
The worker ant closely misses you.
You tentacle-slap the worker ant but do no damage.
The worker ant is heavily wounded.
You constrict the worker ant.
You feel sick. The worker ant barely misses you. x2
You barely miss the worker ant.
The worker ant is heavily wounded.
You constrict the worker ant.
You feel sick. The worker ant barely misses you.
You tentacle-slap the worker ant but do no damage.
The worker ant is heavily wounded.
Your skin is crawling a little less now.
You constrict the worker ant. The worker ant bites you.
You die...

#.# #(#
#.# #.# #
#.# .##
#.##...##
#a.......
#@# #.#
#.# #
#.###.###
#....†..#
#.###.#.#
#.###.#
#....#
#..##.#


You could see a worker ant.

Vanquished Creatures
  Jessica (D:2)
  A worm (D:4)
  A giant gecko (D:2)
  An orc (D:4)
  A giant cockroach (D:4)
  2 hobgoblins
  A kobold (D:3)
  2 quokkas
10 creatures vanquished.

Notes
Turn   | Place    | Note
--------------------------------------------------------------
     0 | D:1      | M4edhros the Octopode Necromancer began the quest for the Orb.
     0 | D:1      | Reached XP level 1. HP: 11/11 MP: 3/3
    42 | D:2      | Noticed Jessica
    52 | D:2      | Killed Jessica
    52 | D:2      | Reached XP level 2. HP: 14/17 MP: 0/5
    52 | D:2      | Reached XP level 3. HP: 18/21 MP: 0/6
    53 | D:2      | nice start, 3lvl in 50 turns
    55 | D:2      | Learned a level 1 spell: Animate Skeleton
    59 | D:2      | Learned a level 3 spell: Regeneration
   212 | D:3      | Noticed Terence
   281 | D:4      | nearly died caus of bravery..
   281 | D:4      | read:stupidity
   352 | D:4      | Found a sparkling altar of Nemelex Xobeh.
   352 | D:4      | Found a snail-covered altar of Cheibriados.
   356 | D:4      | Became a worshipper of Cheibriados the Contemplative
   357 | D:4      | chei in 356 turns
   373 | D:4      | Noticed a slave
   414 | D:4      | nearly died from slave..
   452 | D:4      | Found a staircase to the Ecumenical Temple.
   501 | D:5      | Entered Level 5 of the Dungeon
   526 | D:5      | dead.
   530 | D:5      | Slain by a worker ant

Vault maps used:
D:1:      dpeg_arrival_pits, minmay_misc_feat_five, kennysheep_boxes
D:2:      first_bread, minivault_14, uniq_jessica
D:3:      gammafunk_pakellas_cloud_experiment, uniq_terence
D:4:      gammafunk_temple_overflow_elements, minmay_temple_entry_butterflies,
          uniq_crazy_yiuf_cottage, uniq_pikel
D:5:      grunt_temple_overflow_cloverleaf, serial_shops, shop_statue

Skill      XL: |  1  2  3 |
---------------+----------+-----
Unarmed Combat | 2 3 |  3.0
Dodging        | |  2.0
Stealth        | |  2.6
Spellcasting   | |  2.0
Necromancy     | |  4.0

Action                   || total
-------------------------++-------
Melee: Unarmed           ||    30
       Constrict         ||     8
       Tentacles         ||     2
 Cast: Pain              ||    15
       Regeneration      ||     8
  Use: Potion            ||     3
       Scroll            ||     2
 Stab: Sleeping          ||     1
Armor: Skin              ||     1
Dodge: Dodged            ||    17
